Map: Bel'Shir Vestige LE (Void)

Players

Limasan

  • Race: Terran Terran
  • League: Diamond
  • Spawn Location: 11:00

Merc - Winner!

  • Race: Zerg Zerg
  • League: Diamond
  • Spawn Location: 5:00

VOD

https://youtu.be/9qhFuvNr7sw

Description

Posting this for discussion and analysis. Terran's main upgrade is stim. Let's discuss how we can either stop it or kill the Terran before it becomes a factor in the current meta.

Time

  • Played on: Feb. 21, 2017, 6:31 p.m.
  • Length: 4:55
Show
View Real Time Build Order
Export as new Build Order

Limasan Terran 

Build Orders: Reaper Expand 

Get SALT Encoding   

  12  0:01  SCV  
  13  0:13  SCV  
  14  0:17  Supply Depot  
  14  0:25  SCV  
  15  0:39  SCV, Barracks  
  16  0:44  Refinery  
  16  0:51  SCV  
  17  1:05  SCV  
  18  1:17  SCV  
  19  1:30  Orbital Command  
  19  1:31  Reaper  
  20  1:47  Command Center  
  20  1:55  SCV  
  20  2:01  Barracks  
  21  2:21  SCV  
  22  2:24  Supply Depot, Barracks Reactor  
  22  2:30  Factory  
  22  2:33  SCV  
  23  2:50  Barracks Tech Lab  
  23  2:51  SCV  
  23  2:56  Refinery  
  24  3:04  SCV  
  25  3:08  Marine x2  
  27  3:16  Marine, SCV  
  29  3:29  Marine  
  29  3:30  Orbital Command  
  29  3:32  Supply Depot  
  29  3:37  SCV  
  29  3:38  Marine x2  
  32  3:44  Starport  
  32  3:46  Factory Reactor  
  32  3:50  SCV  
  32  3:51  Marine  
  34  3:56  Supply Depot, Marine  
  34  3:57  SCV  
  34  3:59  Marine  
  34  4:02  SCV  
  37  4:08  Marine  
  39  4:10  SCV  
  39  4:14  SCV, Marine  
  41  4:17  Marine  
  41  4:22  SCV  
  43  4:26  SCV  
  50  4:31  Hellion  
Show
View Real Time Build Order
Export as new Build Order

Merc Zerg - Winner!

Build Orders: Hatch First 

Get SALT Encoding   

  12  0:01  Drone  
  13  0:13  Overlord  
  13  0:17  Drone  
  14  0:31  Drone x2  
  14  0:35  Drone  
  17  0:53  Drone, Hatchery  
  17  0:57  Drone  
  17  1:01  Extractor  
  17  1:12  Spawning Pool  
  17  1:16  Drone  
  17  1:19  Drone  
  18  1:28  Drone  
  19  1:39  Overlord  
  19  2:00  Queen  
  21  2:02  Metabolic Boost  
  21  2:04  Zergling x2, Queen  
  21  2:07  Zergling x2  
  25  2:10  Drone  
  25  2:13  Drone  
  27  2:17  Drone  
  28  2:24  Baneling Nest  
  28  2:26  Drone  
  28  2:29  Drone  
  29  2:37  Drone x2  
  31  2:53  Overlord  
  31  2:59  Pneumatized Carapace  
  31  3:10  Drone  
  31  3:11  Drone x4  
  31  3:12  Drone x3  
  39  3:16  Overlord  
  39  3:17  Evolution Chamber  
  38  3:26  Overlord  
  38  3:33  Zergling x2  
  38  3:34  Zergling x6  
  42  3:40  Zergling x2  
  42  3:41  Zergling x4  
  45  3:44  Zergling x2  
  45  3:45  Baneling x4  
  46  3:56  Zergling x8  
  46  3:57  Zergling x2  
  51  4:08  Zergling x4  
  53  4:14  Zergling x6  
  55  4:25  Zergling x4  
Tags
 
Add a new tag
Caveats
  • Supply blocks, unpowered buildings, or Contaminate may cause inaccurate times.
  • Supply counts are checked every 10 seconds.